 Dungeon Crawl Stone Soup version 0.22-a0-354-g30dfbe6 (webtiles) character file.

44150 zero the Imperceptible (level 13, -2/65 HPs)
             Began as a Spriggan Enchanter on Apr 16, 2018.
             Was a High Priest of Dithmenos.
             Killed from afar by a rakshasa (illusionary) (29 damage)
             ... with an orb of energy
             ... on level 14 of the Dungeon.
             The game lasted 00:58:46 (19153 turns).

zero the Imperceptible (Spriggan Enchanter)        Turns: 19153, Time: 00:58:47

Health: -2/65      AC:  5    Str:  4    XL:     13   Next: 94%
Magic:  10/26      EV: 34    Int: 22    God:    Dithmenos [*****.]
Gold:   1133       SH:  8    Dex: 20    Spells: 16/28 levels left

rFire    . . .     SeeInvis +   c - +5 dagger (vamp)
rCold    . . .     Gourm    .   F - +0 buckler
rNeg     . . .     Faith    .   Q - +0 steam dragon scales
rPois    .         Spirit   .   (helmet restricted)
rElec    .         Reflect  .   (no cloak)
rCorr    .         Harm     .   (gloves unavailable)
MR       ++...                  (boots unavailable)
Stlth    ++++++++++             (no amulet)
HPRegen  0.20/turn              A - +4 ring of intelligence
MPRegen  0.20/turn              q - +3 ring of evasion

@: very slightly contaminated, wreathed by umbra, very quick
A: very small, unfitting armour, see invisible, herbivore, speed 3, slow
metabolism 2
a: Shadow Step, Shadow Form, Renounce Religion


You were on level 14 of the Dungeon.
You worshipped Dithmenos.
Dithmenos was extremely pleased with you.
You were not hungry.

You visited 3 branches of the dungeon, and saw 18 of its levels.
You also visited: Labyrinth and Ossuary.

You collected 1133 gold pieces.

Inventory:

Hand Weapons
 c - a +5 vampiric dagger (weapon)
 D - a +0 dagger of venom
 O - a +0 hunting sling
 P - a +0 rapier of venom
 T - a +2 dagger of speed
Missiles
 k - 446 stones (quivered)
 y - 7 poisoned needles
Armour
 b - a +1 robe
 F - a +0 buckler (worn)
 Q - +0 steam dragon scales (worn)
Jewellery
 l - an uncursed ring of poison resistance
 p - a +4 ring of strength
 q - a +3 ring of evasion (right hand)
 x - an uncursed ring of flight
 A - a +4 ring of intelligence (left hand)
 G - an uncursed ring of protection from magic
Wands
 s - a wand of polymorph (13)
 w - a wand of flame (39)
 C - a wand of clouds (3)
 E - a wand of disintegration (28)
 I - a wand of enslavement (10)
 J - a wand of iceblast (8)
 M - a wand of paralysis (19)
Scrolls
 d - a scroll of enchant armour
 h - 5 scrolls of teleportation
 o - 7 scrolls of remove curse
 z - 4 scrolls of blinking
 B - 2 scrolls of fear
 N - a scroll of identify
 R - a scroll of amnesia
 S - a scroll of magic mapping
Potions
 a - 3 potions of heal wounds
 e - 3 potions of brilliance
 f - a potion of invisibility
 i - 2 potions of agility
 j - a potion of haste
 m - 3 potions of resistance
 n - a potion of curing
 r - a potion of might
 t - a potion of flight
 u - a potion of ambrosia
 v - 2 potions of mutation
 H - a potion of magic
 K - 2 potions of berserk rage
Comestibles
 g - 19 rations


   Skills:
 - Level 6.0 Fighting
 - Level 8.0 Short Blades
 + Level 14.1 Dodging
 - Level 21.0 Stealth
 - Level 5.0 Shields
 - Level 8.0 Spellcasting
 - Level 12.0 Hexes
 - Level 2.0 Translocations


You had 16 spell levels left.
You knew the following spells:

 Your Spells              Type           Power        Failure   Level  Hunger
a - Apportation           Tloc           ###...       3%          1    None
b - Ensorcelled Hibernat  Hex/Ice        #####.       1%          2    None
c - Confuse               Hex            ######..     1%          3    None
d - Invisibility          Hex            ######..     10%         6    ######.


Dungeon Overview and Level Annotations

Branches:
Dungeon (15/15)            Temple (1/1) D:7             Orc (2/2) D:9
 Vaults (0/5) D:14
   Lair: D:8-11         Elf: Orc:2       Depths: D:15

Altars:
Ashenzari
Cheibriados
Dithmenos
Elyvilon
Fedhas
Gozag
Hepliaklqana
Kikubaaqudgha
Makhleb
Nemelex Xobeh
Okawaru
Qazlal
Ru
Sif Muna
Uskayaw
Vehumet
Xom
Yredelemnul
Zin
The Shining One
Jiyva

Shops:
D:4 *   D:5 ?   D:6 ?   D:9 }   D:14 [

Annotations:
D:1 exclusion: downstairs
D:7 exclusion: downstairs
D:8 exclusion: statue
D:9 exclusions: 2 doors and downstairs
D:10 exclusion: downstairs
D:12 exclusion: downstairs
D:13 Josephine
D:14 exclusion: downstairs


Innate Abilities, Weirdness & Mutations

You are very small and have problems with some larger weapons.
You are too small for most types of armour.
You have supernaturally acute eyesight. (SInv)
You are a herbivore.
You cover ground extremely quickly.
You need to consume almost no food.


Message History

Your shadow hits the rakshasa but does no damage.
The rakshasa barely misses you.
Evoke which item? (* to show all) (? for menu, Esc to quit)
Aiming: Iceblast
Press: ? - help, Shift-Dir - straight line, f/p - rakshasa
Aim: a rakshasa, wielding a whip and wearing a robe (heavily wounded, umbra)
The mass of ice explodes!
The iceblast engulfs the rakshasa.
The rakshasa is heavily wounded.
The rakshasa gestures at you. The orb of energy hits you!
* * * LOW HITPOINT WARNING * * *
The orb of energy explodes!
Things that are here:
a flail; a shiny ring mail; the human skeleton of Frances You feel much better.
The rakshasa gestures at you. The orb of energy misses you.
The orb of energy explodes!
The rakshasa gestures at you. The orb of energy hits you!
You die...

#............#
#............#
#.......÷....#
#............#
##########'###
#######'###### ###.#
#......# #...# ##'######
#.### #......... #####'##
#.#######. #......#
####.#.<...#
####......####..@.#.....#
...#......#.R..##.+.....#
#.#......#.#####.#.....#
#.'....R.'.# #.#.....#
###......### #.#.....#
#......# #.#.....#
#...?..# #.#######
#......# .. ##..≈≈.#


You could see a rakshasa.

Vanquished Creatures
  Frances (D:14)
  A minotaur (Lab)
  A hydra (D:9)
  2 vault guards (D:14)
  12 two-headed ogres
  A centaur warrior (D:13)
  A death knight (D:13)
  An unseen horror (D:12)
  3 wizards (D:14)
  A phantasmal warrior (D:13)
  2 necromancers (D:14)
  10 ugly things
  3 manticores
  3 cyclopes
  4 centaur zombies
  Maurice (D:13)
  A gargoyle (D:12)
  A tengu conjurer (D:9)
  3 meliai (D:15)
  6 trolls
  A hornet (D:8)
  3 hippogriffs
  2 dream sheep (D:9)
  A hippogriff (shapeshifter) (D:14)
  5 slime creatures
  A raiju (shapeshifter) (D:15)
  A centaur simulacrum (D:15)
  A vampire (D:11)
  2 shadows
  2 wraiths (D:13)
  A wyvern (D:8)
  Sigmund (D:2)
  22 yaks
  2 basilisks (D:11)
  17 humans (D:14)
  A steam dragon (D:12)
  Menkaure (D:6)
  A soldier ant (D:12)
  A water moccasin (D:8)
  6 orc warriors
  4 sky beasts
  An eye of draining (D:12)
  A black bear (D:11)
  3 ice beasts
  14 ogres
  12 centaurs
  3 phantoms
  3 big kobolds (D:9)
  Blork the orc (D:4)
  9 bullfrogs
  5 scorpions
  17 killer bees
  6 wights
  5 howler monkeys
  A troll skeleton (Lab)
  7 crimson imps
  3 quasits
  A bullfrog zombie (D:6)
  A human zombie (Ossuary)
  6 jellies
  4 orc priests
  A centaur skeleton (D:2)
  8 hounds
  12 orc wizards
  2 bullfrog skeletons (D:10)
  3 iguanas
  9 worker ants
  A big kobold zombie (Ossuary)
  2 hound zombies
  2 mummies (Ossuary)
  4 gnolls (D:7)
  16 adders
  2 shadow imps (D:7)
  2 adder skeletons
  5 worms
  2 dart slugs
  2 leopard geckos
  28 orcs
  5 giant cockroaches
  2 gnoll zombies (Ossuary)
  8 goblins
  12 hobgoblins
  14 jackals
  6 quokkas
  2 ball pythons
  10 bats
  3 frilled lizards
  3 goblin zombies (Ossuary)
  2 hobgoblin zombies (Ossuary)
  A jackal zombie (D:8)
  5 kobolds
  An orc zombie (Ossuary)
  5 rats
417 creatures vanquished.

Vanquished Creatures (others)
  A plant (D:9)
1 creature vanquished.

Grand Total: 418 creatures vanquished

Notes
Turn   | Place    | Note
-------+----------+-------------------------------------------
     0 | D:1      | zero the Spriggan Enchanter began the quest for the Orb.
     0 | D:1      | Reached XP level 1. HP: 9/9 MP: 5/5
    25 | D:2      | Reached skill level 5 in Stealth
    25 | D:2      | Reached XP level 2. HP: 13/13 MP: 6/6
    49 | D:1      | Learned a level 2 spell: Ensorcelled Hibernation
    81 | D:1      | Reached skill level 6 in Stealth
   704 | D:1      | Reached XP level 3. HP: 16/16 MP: 8/8
  1342 | D:2      | Noticed Sigmund
  1511 | D:2      | Reached skill level 7 in Stealth
  1527 | D:4      | Noticed a killer bee
  1527 | D:4      | Noticed a killer bee
  1527 | D:4      | Noticed a killer bee
  2044 | D:2      | Reached XP level 4. HP: 9/21 MP: 9/9
  2050 | D:2      | Reached skill level 8 in Stealth
  2654 | D:2      | Killed Sigmund
  2654 | D:2      | Reached skill level 10 in Stealth
  2654 | D:2      | Reached XP level 5. HP: 24/24 MP: 3/10
  2654 | D:2      | Reached XP level 6. HP: 28/28 MP: 3/11
  2807 | D:3      | Learned a level 3 spell: Confuse
  3380 | D:3      | Found a burning altar of Makhleb.
  3707 | D:4      | Reached XP level 7. HP: 32/32 MP: 4/12
  3770 | D:4      | Reached skill level 5 in Dodging
  3770 | D:4      | Reached skill level 5 in Hexes
  3921 | D:4      | Found an opulent altar of Gozag.
  3921 | D:4      | Found Gozag's Platinum Reserve.
  3983 | D:4      | Noticed Blork the orc
  3988 | D:4      | Killed Blork the orc
  4451 | D:4      | Found a blossoming altar of Fedhas.
  4511 | D:5      | Entered Level 5 of the Dungeon
  4559 | D:7      | Reached skill level 11 in Stealth
  4582 | D:7      | Reached XP level 8. HP: 36/36 MP: 10/13
  4684 | D:5      | Found an iron altar of Okawaru.
  4998 | D:5      | Found Keyxi's Magic Scroll Boutique.
  5124 | D:5      | Reached skill level 12 in Stealth
  5161 | D:5      | Found a sand-covered staircase.
  5171 | Ossuary  | Entered an ossuary
  5431 | D:6      | Noticed Menkaure
  5438 | D:6      | Killed Menkaure
  5446 | D:6      | Reached skill level 13 in Stealth
  6113 | D:6      | Reached skill level 14 in Stealth
  6192 | D:6      | Found Utuuh's Magic Scroll Shoppe.
  6309 | D:7      | Reached XP level 9. HP: 39/39 MP: 14/14
  6450 | D:7      | Reached skill level 15 in Stealth
  6725 | D:8      | Reached skill level 1 in Fighting
  6732 | D:8      | Found a radiant altar of Vehumet.
  7134 | D:7      | Found a staircase to the Ecumenical Temple.
  7238 | Temple   | Entered the Ecumenical Temple
  7460 | Temple   | Became a worshipper of Dithmenos the Shadowed
  8238 | D:8      | Found a deep blue altar of Sif Muna.
  8353 | D:8      | Reached skill level 5 in Short Blades
  8465 | D:8      | Noticed a manticore
  8484 | D:8      | Noticed a two-headed ogre
  8715 | D:8      | Killed a manticore
  8715 | D:8      | Reached skill level 16 in Stealth
  8715 | D:8      | Reached XP level 10. HP: 32/49 MP: 4/15
  8892 | D:8      | Reached skill level 10 in Dodging
  8969 | D:8      | Killed a two-headed ogre
  9274 | D:10     | Entered Level 10 of the Dungeon
  9285 | D:9      | Reached * piety under Dithmenos
  9299 | D:9      | Found Kualepn's Gadget Emporium.
  9913 | D:9      | Noticed a two-headed ogre
  9925 | D:9      | Killed a two-headed ogre
  9925 | D:9      | Reached skill level 17 in Stealth
 10133 | D:9      | Noticed a two-headed hydra
 10419 | D:9      | HP: 1/49 [tengu conjurer/bolt of lightning (18)]
 11082 | D:9      | Found a staircase to the Orcish Mines.
 11091 | Orc:1    | Entered Level 1 of the Orcish Mines
 11097 | Orc:2    | Entered Level 2 of the Orcish Mines
 11167 | D:9      | Noticed a two-headed ogre
 11173 | D:9      | Killed a two-headed ogre
 11173 | D:9      | Reached skill level 5 in Spellcasting
 11173 | D:9      | Reached XP level 11. HP: 52/52 MP: 19/19
 11388 | D:9      | Reached ** piety under Dithmenos
 11544 | D:9      | Killed a two-headed hydra
 12444 | D:10     | Reached skill level 18 in Stealth
 12444 | D:10     | Reached skill level 1 in Shields
 12778 | D:10     | Noticed a two-headed ogre
 12783 | D:10     | Killed a two-headed ogre
 12786 | D:10     | Learned a level 1 spell: Apportation
 12793 | D:10     | Learned a level 6 spell: Invisibility
 13915 | D:11     | Reached *** piety under Dithmenos
 14142 | D:11     | Reached skill level 10 in Hexes
 14418 | D:11     | Reached XP level 12. HP: 56/56 MP: 22/25
 14564 | D:12     | Found a labyrinth entrance.
 14592 | Lab      | Entered a labyrinth
 14868 | Lab      | Noticed a minotaur
 14897 | Lab      | Killed a minotaur
 14908 | Lab      | Found the +7 longbow "Piercer" {penet, EV-2}
 15045 | D:12     | Reached skill level 1 in Translocations
 15490 | D:12     | Noticed a death yak
 16019 | D:12     | Reached **** piety under Dithmenos
 16112 | D:12     | Noticed a two-headed ogre
 16119 | D:12     | Killed a two-headed ogre
 16136 | D:13     | Noticed a death knight
 16209 | D:13     | Killed a death knight
 16225 | D:13     | Noticed a centaur warrior
 16429 | D:13     | Noticed a two-headed ogre
 16439 | D:13     | Killed a two-headed ogre
 16448 | D:13     | Noticed Maurice
 16467 | D:13     | Noticed Josephine
 16475 | D:13     | Killed Maurice
 16685 | D:15     | Entered Level 15 of the Dungeon
 16785 | D:15     | Reached skill level 19 in Stealth
 16797 | D:15     | Noticed a two-headed ogre
 16823 | D:15     | Killed a two-headed ogre
 16823 | D:15     | Reached XP level 13. HP: 63/63 MP: 21/26
 16883 | D:15     | Reached skill level 5 in Fighting
 17026 | D:15     | Paralysed by an ogre mage for 5 turns
 17324 | D:14     | Found a gate to the Vaults.
 17983 | D:12     | Reached skill level 5 in Shields
 18217 | D:14     | Reached skill level 20 in Stealth
 18250 | D:14     | Reached ***** piety under Dithmenos
 18399 | D:14     | Found a viscous altar of Jiyva.
 18471 | D:14     | Reached skill level 21 in Stealth
 18676 | D:14     | Noticed Frances
 18681 | D:14     | Killed Frances
 18994 | D:14     | Found Arecs's Antique Armour Shoppe.
 19153 | D:14     | Killed from afar by a rakshasa (illusionary)

Vault maps used:
D:1:      scummos_arrival_hexagon, minmay_misc_feat_ornament, st_stairs_5,
          minmay_hedge_maze
D:2:      minmay_split_cup_small, uniq_sigmund
D:3:      first_ration, makhleb_blood_cavern_becter
D:4:      kennysheep_mini, nicolae_gozag_zags_fifth_avenue, uniq_blork_the_orc
D:5:      serial_shops, kennysheep_little_box, enter_ossuary_1,
          okawaru_metal_pillars_1_2
D:6:      lemuel_crystal_altar, lightli_temple_of_fire, serial_shops,
          nicolae_shop_trees, serial_bayou_ford_a, minivault_14,
          nemelex_diamond_rough_becter, uniq_menkaure
D:7:      minmay_temple_entry_poolview
D:8:      nicolae_overflow_hidden_temple, vehumet_statue
D:9:      cheibrodos_two_vegetables, orc_0_dummy, serial_shops, shop,
          hangedman_ranch, hangedman_decor_slide_cut, st_stairs_3
D:10:     enter_bailey_8, minmay_liquid_box, kennysheep_kite_vault
D:11:     david_lair_generic
D:12:     lab_entry_generic, minmay_misc_feat_square
D:13:     uniq_josephine, uniq_maurice
D:14:     grunt_vaults_entry_tiered, serial_shops, shop_statue,
          corexii_leaking_fountain, jiyva_altar_1, uniq_frances
D:15:     grunt_enter_depths_magical_seal, portal_ice_cave_entry_imps
Temple:   regret_index_temple_generic_petals
Orc:1:    uniq_fannar
Orc:2:    st_orc_pillars
Lab:      labyrinth_mini_lab, nicolae_lab_checkerboard, nicolae_lab_arrow,
          nicolae_lab_grate_2, nicolae_lab_garden, labyrinth_skeletal_remains,
          nicolae_lab_big_swirl
Ossuary:  minmay_ossuary_gauntlet

Skill      XL: |  1  2  3  4  5  6  7  8  9 10 11 12 13 |
---------------+----------------------------------------+-----
Stealth        | 5 6 7 10 11 14 16 17 18 19 21 | 21.0
Spellcasting   | 3 5 8 |  8.0
Hexes          | 4 5 6 10 12 | 12.0
Dodging        | 4 7 8 9 12 14 | 14.1
Short Blades   | 2 3 5 6 8 |  8.0
Fighting       | 3 4 6 |  6.0
Shields        | 1 3 5 |  5.0
Translocations | 2 |  2.0

Action                   |  1- 3 |  4- 6 |  7- 9 | 10-12 | 13-15 || total
-------------------------+-------+-------+-------+-------+-------++-------
Melee: Dagger            |   136 |   154 |   421 |   382 |   207 ||  1300
Throw: Stone             |       |       |     2 |    12 |       ||    14
 Cast: Ensorcelled Hiber |    13 |    29 |    89 |   188 |    68 ||   387
       Confuse           |       |       |    14 |    32 |    14 ||    60
       Invisibility      |       |       |       |     1 |     4 ||     5
Evoke: Wand              |       |       |     2 |     3 |    12 ||    17
  Use: Scroll            |     4 |     1 |    16 |    10 |     3 ||    34
       Potion            |     3 |       |       |       |     1 ||     4
 Stab: Sleeping          |    16 |    24 |    68 |   136 |    52 ||   296
       Distracted        |       |     2 |     3 |     8 |       ||    13
       Confused          |       |       |     5 |    14 |     4 ||    23
       Invisible         |       |       |       |     2 |    19 ||    21
  Eat: Ration            |     2 |     2 |     6 |     6 |     2 ||    18
Armor: Robe              |    15 |    22 |    32 |     7 |       ||    76
       Steam dragon scal |       |       |       |       |     7 ||     7
Dodge: Dodged            |   144 |   131 |   468 |   415 |   174 ||  1332
Block: Buckler           |       |       |       |    39 |    67 ||   106

Table legend:
 A = Spawn XP
 B = Non-spawn XP
 C = Spawn XP percentage of total XP
 D = Spawn monster count
 E = Non-spawn monster count
 F = Spawn count percentage of total count
 G = Total turns spent on level
                    A         B        C        D         E        F      G
               +---------+---------+-------+---------+---------+-------+---------
         Total |       0 |   63072 |   0.0 |       0 |     417 |   0.0 | 19153
               +---------+---------+-------+---------+---------+-------+---------
           D:1 |       0 |      41 |   0.0 |       0 |      22 |   0.0 |  1833
           D:2 |       0 |     359 |   0.0 |       0 |      26 |   0.0 |   865
           D:3 |       0 |     190 |   0.0 |       0 |      19 |   0.0 |   860
           D:4 |       0 |     558 |   0.0 |       0 |      22 |   0.0 |  1002
           D:5 |       0 |     461 |   0.0 |       0 |      16 |   0.0 |  1092
           D:6 |       0 |     610 |   0.0 |       0 |       9 |   0.0 |   303
           D:7 |       0 |    1486 |   0.0 |       0 |      37 |   0.0 |  1743
           D:8 |       0 |    3241 |   0.0 |       0 |      19 |   0.0 |  1173
           D:9 |       0 |    6144 |   0.0 |       0 |      37 |   0.0 |  2246
          D:10 |       0 |    3952 |   0.0 |       0 |      30 |   0.0 |  1740
          D:11 |       0 |    4819 |   0.0 |       0 |      26 |   0.0 |  1166
          D:12 |       0 |    8445 |   0.0 |       0 |      44 |   0.0 |  1841
          D:13 |       0 |    5200 |   0.0 |       0 |      25 |   0.0 |   756
          D:14 |       0 |   17873 |   0.0 |       0 |      52 |   0.0 |  1320
          D:15 |       0 |    8088 |   0.0 |       0 |      17 |   0.0 |   347
         Orc:2 |       0 |       3 |   0.0 |       0 |       1 |   0.0 |    45
           Lab |       0 |    1488 |   0.0 |       0 |       3 |   0.0 |   345
       Ossuary |       0 |     114 |   0.0 |       0 |      12 |   0.0 |   211
               +---------+---------+-------+---------+---------+-------+---------
